Description

This replay comes from a 5k3 Zerg Player.

This build order is a cheesy opening into macro.

VOD

https://youtu.be/STOUbyowToU

Replay - Gredu v Neuling - Pillars of Gold LE

Build Order

Get SALT Encoding   

  12  0:00  Drone  
  13  0:09  Extractor  
  12  0:25  Spawning Pool  
  11  0:30  Drone x2  
  13  0:40  Drone  
  14  0:52  Overlord  
  14  1:11  Metabolic Boost  
  14  1:12  Zergling x6  
  17  1:25  Zergling x2  
  18  1:35  Zergling x2  
  19  1:45  Zergling x2  
  20  1:58  Zergling x2  
  21  2:02  Hatchery  
  21  2:07  Zergling x2  
  21  2:20  Overlord  
  21  2:25  Queen  
  21  2:43  Zergling x4  
Spawning Tool Build Advisor. Get it on Overwolf

Go to:

Details

  • Created by: zuka      
  • Published on: Jan 22, 2021
  • Modified on: Jan 22, 2021
  • Patch: 4.11.0
  • Difficulty: Easy
Show
View Real Time Build Order
Export as new Build Order

Comments (0)

There are no comments. Be the first!

Create an account to comment!